 Dungeon Crawl Stone Soup version 0.26-a0-1139-g7d2dc893a1 (webtiles) character file.

Game seed: 10860028234728709562

3117 mhtbhm the Cleaver (level 9, 0/55 HPs)
             Began as a Gargoyle Fighter on Dec 21, 2020.
             Was a High Priest of Okawaru.
             Slain by a shadow (19 damage)
             ... on level 9 of the Dungeon.
             The game lasted 00:10:08 (6968 turns).

mhtbhm the Cleaver (Gargoyle Fighter)               Turns: 6968, Time: 00:10:08

Health: 0/55       AC: 20    Str: 24    XL:     9   Next: 91%
Magic:  9/9        EV: 13    Int:  8    God:    Okawaru [*****.]
Gold:   608        SH: 10    Dex:  9    Spells: 8/8 levels left

rFire    + . .     SeeInvis .   a - +0 war axe
rCold    . . .     Faith    +   c - +0 kite shield
rNeg     + . .     Spirit   .   b - +0 fire dragon scales
rPois    ∞         Reflect  .   i - +0 helmet
rElec    +         Harm     .   (no cloak)
rCorr    .         Rampage  .   C - +0 pair of gloves
Will     .....                  D - +0 pair of boots
Stlth    ..........             v - amulet of faith
HPRegen  0.18/turn              l - +4 ring of evasion
MPRegen  0.11/turn              f - ring of ice

@: no status effects
A: negative energy resistance 1, electricity resistance, unbreathing,
petrification resistance, miasma immunity, AC +6
a: Renounce Religion, Heroism, Finesse


You were on level 9 of the Dungeon.
You worshipped Okawaru.
Okawaru was extremely pleased with you.
You visited 1 branch of the dungeon, and saw 9 of its levels.

You collected 608 gold pieces.

Inventory:

Hand Weapons
 a - a +0 war axe (weapon)
Missiles
 k - 3 curare-tipped darts (quivered)
Armour
 b - +0 fire dragon scales (worn)
 c - a +0 kite shield (worn)
 i - a +0 helmet (worn)
 C - a +0 pair of gloves (worn)
 D - a +0 pair of boots (worn)
Jewellery
 f - a ring of ice (right hand)
 l - a +4 ring of evasion (left hand)
 v - an amulet of faith (around neck)
 w - a +4 ring of protection
Scrolls
 e - 6 scrolls of teleportation
 n - 2 scrolls of enchant armour
 o - 7 scrolls of remove curse
 p - a scroll of amnesia {unknown}
 s - 2 scrolls of magic mapping {unknown}
 u - 2 scrolls of blinking {unknown}
 x - a scroll of enchant weapon {unknown}
 E - 2 scrolls of fog {unknown}
Potions
 d - a potion of might
 g - 5 potions of curing
 h - a potion of heal wounds
 j - a potion of attraction
 m - 2 potions of haste
 q - 2 potions of brilliance
 t - a potion of flight
 z - a potion of ambrosia {unknown}
 A - 2 potions of cancellation {unknown}
 B - 2 potions of mutation {unknown}


   Skills:
 + Level 6.1 Fighting
 + Level 8.9 Axes
 + Level 6.3 Armour
 + Level 2.8 Dodging
 + Level 6.9 Shields
 + Level 0.2 Invocations


You had 8 spell levels left.
You didn't know any spells.
Your spell library contained the following spells:

 Spells                   Type           Power        Failure   Level
 Animate Skeleton         Necr           0%           98%         1
 Apportation              Tloc           0%           98%         1
 Beastly Appendage        Tmut           0%           98%         1
 Corona                   Hex            0%           98%         1
 Freeze                   Ice            0%           98%         1
 Summon Small Mammal      Summ           0%           98%         1
 Wereblood                Tmut           0%           99%         2
 Frozen Ramparts          Ice            0%           100%        3
 Ozocubu's Armour         Ice            0%           100%        3
 Spider Form              Tmut/Pois      0%           100%        3
 Hailstorm                Conj/Ice       0%           100%        4
 Ice Form                 Ice/Tmut       0%           100%        4
 Summon Ice Beast         Ice/Summ       0%           100%        4
 Blade Hands              Tmut           0%           100%        5


Dungeon Overview and Level Annotations

Branches:
Dungeon (9/15)             Temple (0/1) D:6
   Lair: D:8-11         Orc: D:9-12

Altars:
Ashenzari
Cheibriados
Dithmenos
Elyvilon
Fedhas
Gozag
Kikubaaqudgha
Nemelex Xobeh
Okawaru
Ru
Sif Muna
Zin

Shops:
D:5 [   D:8 [


Innate Abilities, Weirdness & Mutations

You are resistant to torment.
Your stone body is resilient. (AC +6)
You are immune to poison.
You resist negative energy. (rN+)
You are resistant to electric shocks. (rElec)
You can survive without breathing.
You are immune to petrification.
You are immune to miasma.


Message History

You are too injured to fight recklessly!
You are too injured to fight recklessly!
You are too injured to fight recklessly!
You are too injured to fight recklessly!
You are too injured to fight recklessly!
You are too injured to fight recklessly!
You are too injured to fight recklessly!
You are too injured to fight recklessly!
You are too injured to fight recklessly!
You are too injured to fight recklessly!
You are too injured to fight recklessly!
You are too injured to fight recklessly!
You barely miss the shadow.
The shadow is severely damaged.
The shadow slips into darkness.
The shadow flickers and vanishes!
Deactivating autopickup; reactivate with Ctrl-A.
You closely miss something.
The shadow strikes at you from the darkness!
You die...

........#
#.............
#########
#............. .
#............) ..
#.............
...###.............
..................
###..............
####..............
#z{@..############
#z###.# ......Z.#
#.# .....8..# #.#
........# #.#
......#.# #.#
.Z....#.# #.#
......#.# #..
..#####.#


You could see 2 wights and a goblin skeleton.

Vanquished Creatures
  6 yaks (D:6)
  A wyvern (D:8)
  A sky beast (D:5)
  2 orc warriors (D:8)
  A necrophage (D:5)
  3 ogres
  A centaur (D:7)
  A big kobold (D:7)
  A wyvern zombie (D:7)
  2 bullfrogs
  A water moccasin zombie (D:8)
  A wyvern skeleton (D:6)
  4 scorpions
  A wight (D:9)
  A howler monkey (D:4)
  A bullfrog skeleton (D:7)
  2 hounds (D:7)
  4 orc priests
  A jelly (D:7)
  2 iguanas
  Natasha (thrice) (D:4)
  2 orc wizards (D:8)
  5 worker ants
  A killer bee zombie (D:7)
  A hound skeleton (D:7)
  4 gnolls (D:6)
  An adder (D:6)
  A shadow imp (D:8)
  2 ufetubi (D:7)
  An ooze (D:7)
  An adder skeleton (D:5)
  An adder zombie (D:7)
  4 worms
  A dart slug (D:2)
  A leopard gecko (D:6)
  33 orcs
  4 giant cockroaches
  10 goblins
  6 hobgoblins
  2 jackals (D:2)
  5 quokkas
  A ball python (D:3)
  9 bats
  5 frilled lizards (D:1)
  5 kobolds
  An orc skeleton (D:9)
  7 rats
154 creatures vanquished.

Vanquished Creatures (others)
  A human (D:3)
  9 plants (D:6)
10 creatures vanquished.

Grand Total: 164 creatures vanquished

Notes
Turn   | Place    | Note
-------+----------+-------------------------------------------
     0 | D:1      | mhtbhm the Gargoyle Fighter began the quest for the Orb.
     0 | D:1      | Reached XP level 1. HP: 14/14 MP: 1/1
   273 | D:1      | Found an iron altar of Okawaru.
   280 | D:1      | Reached XP level 2. HP: 19/19 MP: 2/2
   289 | D:1      | Became a worshipper of Warmaster Okawaru
   293 | D:1      | Reached skill level 2 in Axes
   407 | D:1      | You fall into a shaft and drop 1 floor!
   499 | D:2      | Reached XP level 3. HP: 23/23 MP: 3/3
   817 | D:2      | Found a broken altar of Ashenzari.
   817 | D:2      | Found a white marble altar of Elyvilon.
  1001 | D:2      | Found an iron altar of Okawaru.
  1088 | D:2      | Found a blossoming altar of Fedhas.
  1102 | D:2      | Found a snail-covered altar of Cheibriados.
  1150 | D:2      | Found a shadowy altar of Dithmenos.
  1153 | D:2      | Found a sparkling altar of Nemelex Xobeh.
  1915 | D:3      | Reached skill level 3 in Axes
  1915 | D:3      | Reached XP level 4. HP: 22/28 MP: 4/4
  2029 | D:3      | Found an ancient bone altar of Kikubaaqudgha.
  2146 | D:3      | Found a sacrificial altar of Ru.
  2531 | D:3      | Noticed a human
  2532 | D:3      | Killed a human
  2615 | D:4      | Noticed Natasha
  2626 | D:4      | Killed Natasha
  2627 | D:4      | Reached XP level 5. HP: 25/33 MP: 5/5
  2644 | D:4      | Noticed Natasha
  2650 | D:4      | Killed Natasha
  2657 | D:4      | Reached * piety under Okawaru
  2677 | D:4      | Noticed Natasha
  2686 | D:4      | Killed Natasha
  2860 | D:4      | Reached skill level 4 in Axes
  2860 | D:4      | Reached XP level 6. HP: 35/38 MP: 6/6
  2894 | D:4      | Reached skill level 1 in Dodging
  3218 | D:4      | You fall into a shaft and drop 2 floors!
  3218 | D:6      | Found a staircase to the Ecumenical Temple.
  3314 | D:6      | Found an iron altar of Okawaru.
  3441 | D:6      | Found an opulent altar of Gozag.
  3679 | D:6      | Noticed a yak
  3680 | D:6      | Noticed a yak
  3680 | D:6      | Noticed a yak
  3680 | D:6      | Noticed a yak
  3680 | D:6      | Noticed a yak
  3681 | D:6      | Noticed a yak
  3703 | D:6      | Killed a yak
  3703 | D:6      | Reached ** piety under Okawaru
  3704 | D:6      | Reached skill level 5 in Axes
  3704 | D:6      | Reached XP level 7. HP: 31/43 MP: 4/7
  3714 | D:6      | Killed a yak
  3719 | D:6      | Killed a yak
  3719 | D:6      | Reached *** piety under Okawaru
  3720 | D:6      | Reached skill level 6 in Axes
  3720 | D:6      | Reached skill level 5 in Armour
  3720 | D:6      | Reached XP level 8. HP: 21/48 MP: 6/8
  3723 | D:6      | Killed a yak
  3724 | D:6      | Reached skill level 5 in Shields
  3726 | D:6      | Killed a yak
  3732 | D:6      | Killed a yak
  3952 | D:6      | Reached skill level 5 in Fighting
  3959 | D:6      | Reached skill level 7 in Axes
  4206 | D:5      | Entered Level 5 of the Dungeon
  4434 | D:5      | Reached **** piety under Okawaru
  4673 | D:5      | Reached XP level 9. HP: 49/54 MP: 9/9
  4743 | D:5      | Found Otoluory's Armour Emporium.
  4794 | D:5      | Found a glowing silver altar of Zin.
  5493 | D:7      | Found a shimmering blue altar of Sif Muna.
  5573 | D:7      | Reached skill level 8 in Axes
  5933 | D:8      | Found Gaiqon's Armour Shop.
  6294 | D:8      | Reached ***** piety under Okawaru
  6968 | D:9      | Slain by a shadow

Illustrated notes

Levels and vault maps discovered:
D:1:      dpeg_cavernosity, layout_basic, okawaru_ov_weapons_minmay
D:2:      layout_basic, general_overflow_altar, gammafunk_temple_overflow_pools,
          grunt_temple_overflow_cloverleaf
D:3:      layout_loops_ring, lemuel_crystal_altar, grunt_ministairs_14,
          tgw_kikubaaqudgha
D:4:      layout_loops_ring, minmay_bisected, uniq_natasha
D:5:      layout_cave_pods, zin_treasury, serial_shops, nicolae_shop_stone
D:6:      layout_loops_cross, nicolae_gozag_cash_rules_everything_around_me,
          minmay_temple_entry_ruins, basic_altar, minmay_door_square,
          serial_bayou_pond_b
D:7:      layout_rooms, kennysheep_mini_moat
D:8:      layout_rooms, serial_shops, nicolae_shop_stone, special_room
          [special_room_orc]
D:9:      layout_basic, zombieorc2_lemuel, zaba_anthole, minmay_pinched_square,
          uniq_erolcha

Skill      XL: |  1  2  3  4  5  6  7  8  9 |
---------------+----------------------------+-----
Axes           | 2 3 4 5 6 7 8 |  8.9
Shields        | 4 5 6 |  6.9
Armour         | 4 5 6 |  6.3
Dodging        | 1 2 |  2.8
Fighting       | 4 5 6 |  6.1
Invocations    | |  0.2

Action                   |  1- 3 |  4- 6 |  7- 9 || total
-------------------------+-------+-------+-------++-------
Melee: War axe           |   133 |   135 |   354 ||   622
Invok: Heroism           |       |     1 |       ||     1
  Use: Scroll            |     7 |     3 |     2 ||    12
       Potion            |     2 |     1 |     2 ||     5
Armor: Fire dragon scale |    86 |    61 |   149 ||   296
Dodge: Dodged            |    38 |    66 |   162 ||   266
Block: Kite shield       |    89 |    76 |   204 ||   369

Table legend: (Time is in decaauts)
 A = Elapsed time spent in this place.
 B = Non-inter-level travel time spent in this place.
 C = Inter-level travel time spent in this place.
 D = Time resting spent in this place.
 E = Time spent auto-exploring this place.
 F = Levels seen in this place.
 G = Mean time per level.
                   A        B        C        D        E       F      G
               +--------+--------+--------+--------+--------+-----+--------+
         Total |   7152 |   6977 |    175 |    570 |   4687 |   9 |  794.7 |
       Dungeon |   7152 |   6977 |    175 |    570 |   4687 |   9 |  794.7 |
               +--------+--------+--------+--------+--------+-----+--------+

Top non-repeatable levels by time:
     D:6: 1087 daAuts
     D:1: 1069 daAuts
     D:7: 885 daAuts
     D:2: 884 daAuts
     D:8: 806 daAuts
     D:5: 798 daAuts
     D:3: 714 daAuts
     D:4: 661 daAuts
     D:9: 245 daAuts
